 Dungeon Crawl Stone Soup version 0.29-a0-512-gf59ac788ac (webtiles) character file.

Game seed: 10310524061801763665

15694 Pooter the Spear-Bearer (level 12, -2/110 HPs)
             Began as a Minotaur Berserker on May 29, 2022.
             Was a Priest of Trog.
             Slain by a polar bear (11 damage)
             ... on level 2 of the Lair of Beasts on May 30, 2022.
             The game lasted 01:22:20 (17364 turns).

Pooter the Spear-Bearer (Minotaur Berserker)       Turns: 17364, Time: 01:22:20

Health: -2/110     AC: 21    Str: 25    XL:     12   Next: 3%
Magic:  11/11      EV:  7    Int:  6    God:    Trog [***...]
Gold:   833        SH:  0    Dex: 10    Spells: 11/11 levels left

rFire   . . .      SeeInvis .   R - +2 halberd (drain)
rCold   + + .      Faith    .   (shield currently unavailable)
rNeg    . . .      Spirit   .   F - +4 plate armour {rC+}
rPois   .          Reflect  .   n - +1 hat
rElec   .          Harm     .   (no cloak)
rCorr   .          Rampage  .   (no gloves)
Will    .....                   L - +0 pair of boots
Stlth   ..........              (no amulet)
HPRegen 0.28/turn               I - ring of protection from cold
MPRegen 0.12/turn               f - +4 ring of protection

@: about to teleport, on berserk cooldown, slowed, very slow
A: horns 2, retaliatory headbutt
a: Renounce Religion, Berserk, Trog's Hand


You were on level 2 of the Lair of Beasts.
You worshipped Trog.
Trog was most pleased with you.
You visited 2 branches of the dungeon, and saw 12 of its levels.
You also visited: Bailey.

You collected 833 gold pieces.

Inventory:

Hand Weapons
 a - a +1 battleaxe
   (You found it on level 10 of the Dungeon)
 b - a +1 arbalest
   (You found it on level 7 of the Dungeon)
 p - a +2 spear of venom
   (You took it off a gnoll on level 6 of the Dungeon)
 r - the +6 dagger "Ogrebane" {antimagic, *Slow rPois rC+++ Dex-4}
   (You found it on level 3 of the Dungeon)

   It reduces the magical energy of the wielder, and disrupts the spells and
   magical abilities of those it strikes.
   Natural abilities and divine invocations are not affected.
   Dex:       It affects your dexterity (-4).
   rC:        It renders you almost immune to cold.
   rPois:     It protects you from poison.
   *Slow:     It may slow you when you take damage.
 s - a +0 hunting sling of flaming
   (You took it off a goblin on level 2 of the Dungeon)
 A - a +3 spear
   (You took it off Robin on level 2 of the Dungeon)
 H - a +2 halberd of electrocution
   (You took it off a gnoll in a bailey)
 J - a +0 trident
   (You took it off an orc on level 3 of the Dungeon)
 N - a +0 war axe
   (You took it off an orc warrior on level 9 of the Dungeon)
 P - a +0 halberd of flaming
   (You took it off a gnoll on level 9 of the Dungeon)
 R - a +2 halberd of draining (weapon)
   (You took it off a gnoll in a bailey)
Missiles
 k - 2 throwing nets {!f}
 m - 27 poisoned darts (quivered)
 u - 2 curare-tipped darts
 K - 6 javelins
 M - 3 boomerangs
 Q - 422 stones
Armour
 n - a +1 hat (worn)
   (You took it off Gastronok on level 10 of the Dungeon)
 F - a +4 plate armour of cold resistance (worn)
   (You took it off an orc warrior on level 6 of the Dungeon)
 L - a +0 pair of boots (worn)
   (You found it on level 9 of the Dungeon)
Jewellery
 f - a +4 ring of protection (right hand)
   (You found it on level 2 of the Lair of Beasts)
 I - a ring of protection from cold (left hand)
   (You found it on level 6 of the Dungeon)
Wands
 d - a wand of iceblast (4)
   (You found it on level 8 of the Dungeon)
 x - a wand of acid (17)
   (You took it off Ijyb on level 3 of the Dungeon)
 y - a wand of polymorph (9)
   (You found it on level 5 of the Dungeon)
 D - a wand of digging (5)
   (You found it on level 9 of the Dungeon)
 O - a wand of mindburst (5)
   (You found it on level 8 of the Dungeon)
 T - a wand of charming (9)
   (You found it on level 3 of the Dungeon)
Scrolls
 t - 5 scrolls of teleportation {@r4}
 C - 3 scrolls of noise {!r}
Potions
 c - 3 potions of might
 e - a potion of invisibility
 g - 8 potions of heal wounds {@q2}
 h - 3 potions of cancellation
 j - 3 potions of attraction {!q}
 l - a potion of lignification {unknown}
 o - 2 potions of flight
 q - 2 potions of magic
 v - 4 potions of haste {@q3}
 w - 4 potions of mutation {!q}
 z - 3 potions of resistance
 B - 2 potions of ambrosia
 G - 3 potions of curing {@q1}
 S - a potion of degeneration {unknown}
Miscellaneous
 E - a piece from Xom's chessboard (15/15)
   (You found it on level 5 of the Dungeon)


   Skills:
 + Level 11.6 Fighting
 * Level 9.0(12.3) Axes
 - Level 13.4(14.4) Polearms
 * Level 8.4 Crossbows
 - Level 2.4 Armour
 - Level 2.1 Dodging
 + Level 7.7 Evocations


You had 11 spell levels left.
You didn't know any spells.
Your spell library was empty.

Dungeon Overview and Level Annotations

Branches:
Dungeon (10/15)            Temple (0/1) D:4            Lair (2/6) D:9
 Bailey (visited)
  Swamp: Lair:2-4    Shoals: Lair:2-4     Snake: Lair:2-4    Spider: Lair:2-4
    Orc: D:9-12

Altars:
Ashenzari
Cheibriados
Dithmenos
Elyvilon
Hepliaklqana
Kikubaaqudgha
Nemelex Xobeh
Qazlal
Ru
Vehumet
Xom
Yredelemnul
Zin

Shops:
D:1 :


Innate Abilities, Weirdness & Mutations

You have a pair of horns on your head.
You reflexively headbutt those who attack you in melee.


Message History

You feel agile.
You barely miss the elephant.
You feel sick.
Unknown command.
You impale the elephant!! You drain the elephant.
You feel sick. The polar bear barely misses you. You furiously retaliate!
You headbutt the polar bear!
The polar bear claws you but does no damage. x2
The elephant closely misses you.
The elephant trunk-slaps you but does no damage.
Unknown command.
You barely miss the elephant. You headbutt the elephant!
You feel sick. The polar bear bites you.
* * * LOW HITPOINT WARNING * * *
The polar bear claws you but does no damage. x2
The elephant tramples you but does no damage.
The elephant trunk-slaps you but does no damage.
You slice the elephant!! You headbutt the elephant!
You kill the elephant!
Trog accepts your kill.
* * * LOW HITPOINT WARNING * * *
You feel sick.
Your base Axes skill increases to level 9!
* * * LOW HITPOINT WARNING * * *
You feel sick.
You feel a strong urge to attack something.
* * * LOW HITPOINT WARNING * * *
You feel sick.
You are no longer berserk.
You are exhausted.
You feel yourself slow down.
* * * LOW HITPOINT WARNING * * *
You feel sick.
You feel better.
The polar bear bites you but does no damage.
The polar bear claws you but does no damage.
The polar bear claws you.
* * * LOW HITPOINT WARNING * * *
Really read
i - a scroll of poison {!r}?
Really read the scroll of poison?
The air fills with toxic fumes!
As you read the scroll of poison {!r}, it crumbles to dust.
The polar bear barely misses you. The polar bear claws you.
* * * LOW HITPOINT WARNING * * *
The polar bear barely misses you.
The elephant is engulfed in poison gas.
The elephant is poisoned.
The polar bear bites you but does no damage.
The polar bear claws you but does no damage. x2
As you read the scroll of teleportation {@r4}, it crumbles to dust.
You feel strangely unstable. The polar bear bites you!
You die...

....###..P..P##...#
#..##.#..§§####§§§#
.>.......§§§§§§§§§#
.........§§§§§§§§§#
.........§§§§§§§§§#
.........§§§§§§§§§#
.........§§§§§§§§§#
.........§§§§§§§§§#
........#..#§§§§@§#
......#..##§§§§h§§#
......#...#§§§§§§§#
....... ..##§§§§Y§#
.....P.. #§§§§§§#
#§§§§.§§# ######
..§§#§§§§§§§...
......
#####§§§§§§§...
...... P..........
......


You could see an elephant (poisoned) and a polar bear.

Vanquished Creatures
  Gastronok (D:10)
  A hydra (Lair:2)
  A two-headed ogre (D:6)
  Sonja (D:10)
  An orc knight (Bailey)
  An elephant (Lair:2)
  5 cane toads
  Maggie (D:7)
  Psyche (D:10)
  A rime drake (Lair:2)
  A komodo dragon (Lair:1)
  A polar bear (Lair:1)
  A hornet (D:8)
  Sigmund (D:2)
  2 shadows
  2 wyverns
  2 steam dragons
  5 yaks (D:10)
  Eustachio (D:6)
  A basilisk (Lair:2)
  Grum (D:9)
  8 vampire mosquitoes
  Menkaure (D:7)
  9 water moccasins
  3 black bears
  2 orc warriors
  3 ogres
  9 wolves
  A centaur (D:6)
  4 kobold brigands
  5 bullfrogs
  A gnoll sergeant (D:9)
  4 scorpions
  4 necrophages
  4 wights (D:10)
  7 killer bees
  8 howler monkeys
  7 electric eels
  5 hounds
  A jelly (D:7)
  A gnoll shaman (D:9)
  5 orc priests
  An iguana (D:7)
  Ijyb (D:3)
  10 orc wizards
  Robin (D:2)
  29 gnolls
  7 adders
  A shadow imp (D:6)
  A white imp (D:7)
  A worm (D:5)
  2 dart slugs
  48 orcs
  5 ball pythons
  4 bats
  6 endoplasms
  3 giant cockroaches
  5 hobgoblins
  14 jackals
  A quokka (D:1)
  7 frilled lizards
  23 goblins
  29 kobolds
  6 rats
  A spectral goblin (D:8)
330 creatures vanquished.

Vanquished Creatures (others)
  5 fungi (Lair:2)
  8 plants
13 creatures vanquished.

Grand Total: 343 creatures vanquished

Notes
Turn   | Place    | Note
-------+----------+-------------------------------------------
     0 | D:1      | Pooter the Minotaur Berserker began the quest for the Orb.
     0 | D:1      | Reached XP level 1. HP: 19/19 MP: 0/0
   135 | D:1      | You fall into a shaft and drop 1 floor!
   142 | D:2      | Reached XP level 2. HP: 27/27 MP: 1/1
   588 | D:1      | Reached XP level 3. HP: 31/33 MP: 2/2
   642 | D:1      | Reached ** piety under Trog
   753 | D:1      | Found Diduor's Book Shop.
  1117 | D:2      | Reached skill level 5 in Axes
  1117 | D:2      | Noticed Robin
  1123 | D:2      | Killed Robin
  1438 | D:2      | Reached XP level 4. HP: 34/41 MP: 3/3
  1501 | D:2      | Noticed an ogre
  1505 | D:2      | Killed an ogre
  1506 | D:2      | Reached skill level 5 in Fighting
  1506 | D:2      | Reached skill level 2 in Polearms
  1506 | D:2      | Reached XP level 5. HP: 48/48 MP: 4/4
  1615 | D:2      | Reached skill level 3 in Polearms
  2000 | D:2      | Noticed Sigmund
  2020 | D:2      | Killed Sigmund
  2021 | D:2      | Reached skill level 4 in Polearms
  2021 | D:2      | Reached XP level 6. HP: 15/57 MP: 5/5
  2308 | D:2      | Found a faded altar of an unknown god.
  2464 | D:3      | Identified the +6 dagger "Ogrebane" {antimagic, *Slow rPois
                  | rC+++ Dex-4}
  2479 | D:3      | Found a broken altar of Ashenzari.
  2725 | D:3      | Reached skill level 5 in Polearms
  2785 | D:3      | Noticed Ijyb
  2792 | D:3      | Killed Ijyb
  3374 | D:4      | Found a sparkling altar of Nemelex Xobeh.
  3439 | D:4      | Reached skill level 1 in Evocations
  3492 | D:4      | Reached XP level 7. HP: 63/63 MP: 6/6
  3587 | D:4      | Reached skill level 6 in Polearms
  4019 | D:4      | Found a staircase to the Ecumenical Temple.
  4793 | D:5      | Entered Level 5 of the Dungeon
  4988 | D:5      | Reached skill level 7 in Polearms
  5035 | D:5      | Reached XP level 8. HP: 73/73 MP: 7/7
  5213 | D:5      | Reached skill level 8 in Polearms
  5461 | D:5      | Found a shimmering altar of Xom.
  5585 | D:6      | Noticed Eustachio
  5737 | D:6      | Killed Eustachio
  5842 | D:6      | Reached skill level 9 in Polearms
  6108 | D:6      | Found a snail-covered altar of Cheibriados.
  6393 | D:6      | Reached XP level 9. HP: 63/81 MP: 8/8
  6847 | D:6      | Reached skill level 10 in Polearms
  7458 | D:6      | Noticed a two-headed ogre
  7478 | D:6      | Killed a two-headed ogre
  7479 | D:6      | Reached skill level 5 in Evocations
  7763 | D:7      | Found a radiant altar of Vehumet.
  7800 | D:7      | Reached skill level 11 in Polearms
  7877 | D:7      | Found a sacrificial altar of Ru.
  8085 | D:7      | Found a basalt altar of Yredelemnul.
  8244 | D:7      | Noticed Maggie
  8265 | D:7      | Killed Maggie
  8534 | D:7      | Noticed Menkaure
  8537 | D:7      | Killed Menkaure
  8538 | D:7      | Reached XP level 10. HP: 48/92 MP: 9/9
  9192 | D:8      | Reached skill level 12 in Polearms
  9202 | D:8      | Reached skill level 1 in Crossbows
  9358 | D:8      | Found a flagged portal.
  9373 | Bailey   | Entered a bailey
  9399 | Bailey   | Reached *** piety under Trog
  9871 | Bailey   | Reached skill level 10 in Fighting
  9901 | Bailey   | Noticed an orc knight
 10013 | Bailey   | Killed an orc knight
 10459 | D:8      | Found a glowing silver altar of Zin.
 10758 | D:8      | Found a hazy altar of Hepliaklqana.
 10906 | D:8      | HP: 2/93 [poisoned by a hornet]
 11642 | D:9      | Found a staircase to the Lair.
 11882 | D:9      | Found a stormy altar of Qazlal.
 11885 | D:9      | Found a shadowy altar of Dithmenos.
 12210 | D:9      | Found an ancient bone altar of Kikubaaqudgha.
 12672 | D:9      | Reached skill level 13 in Polearms
 12705 | D:9      | Noticed Grum
 12713 | D:9      | Killed Grum
 12725 | D:9      | Reached skill level 5 in Crossbows
 13201 | D:9      | Found a white marble altar of Elyvilon.
 13482 | D:10     | Entered Level 10 of the Dungeon
 13494 | D:10     | Noticed Sonja
 13498 | D:10     | Noticed Gastronok
 13504 | D:10     | Killed Sonja
 13505 | D:10     | Reached XP level 11. HP: 101/101 MP: 10/10
 13511 | D:10     | Killed Gastronok
 13594 | D:10     | Reached **** piety under Trog
 13879 | D:10     | Noticed Psyche
 13889 | D:10     | Killed Psyche
 14854 | Lair:1   | Entered Level 1 of the Lair of Beasts
 17336 | Lair:2   | Noticed a six-headed hydra
 17350 | Lair:2   | Killed a 13-headed hydra
 17355 | Lair:2   | Reached XP level 12. HP: 14/110 MP: 11/11
 17357 | Lair:2   | HP: 6/165 [polar bear (4)]
 17361 | Lair:2   | HP: 2/110 [poisoned by a cane toad]
 17364 | Lair:2   | Slain by a polar bear

Illustrated notes

Levels and vault maps discovered:
D:1:      eino_arrival_cavern_c, layout_rooms, serial_shops,
          nicolae_shop_behind_doors, roderic_lattice_a
D:2:      layout_loops_cross, chequers_ecumenical_altar_lobes,
          grunt_ministairs_14, minmay_misc_feat_square, uniq_sigmund, uniq_robin
D:3:      layout_loops_ring, nicolae_ashenzari_skybound, uniq_ijyb
D:4:      layout_layer_cave, nemelex_spade_bored_becter, temple_doors_e,
          minmay_misc_feat_tiny, minmay_misc_feat_hallway
D:5:      layout_rooms, xom_butterflies, kennysheep_generic_room_12
D:6:      layout_basic, mainiacjoe_overflow_alcove_1, grunt_decor_one_mirror,
          minmay_microvault, uniq_eustachio
D:7:      layout_loops_ring, nicolae_ru_sacrificial_ziggurat,
          vehumet_altar_wand_db, mainiacjoe_overflow_catwalk, uniq_maggie,
          uniq_menkaure
D:8:      layout_loops_ring, mainiacjoe_overflow_six_doors_small,
          nicolae_hepliaklqana_monster_ancestors, enter_bailey_5
D:9:      layout_grid_maze, kiku_gazebo_garden_becter,
          nicolae_elyvilon_temple_path, nicolae_overflow_squiral,
          lair_entry_dummy, kennysheep_boxes, uniq_grum
D:10:     layout_long_grid, corexii_leaking_fountain, water_maze_lemuel,
          uniq_gastronok, uniq_psyche, uniq_sonja
Lair:1:   layout_cave_pods, chequers_serial_rivers_micro_c
Lair:2:   nzn_winding_woodlands_three_and_one [nzn_winding_woodlands_5x15_cabin,
          nzn_winding_woodlands_5x15_garden, nzn_winding_woodlands_5x15_zeroes,
          nzn_winding_woodlands_center_diamonds], layout_regular_city,
          basic_altar, st_stairs_12

Skill      XL: |  1  2  3  4  5  6  7  8  9 10 11 12 |
---------------+-------------------------------------+-----
Axes           | 4 5 8 9 |  9.0
Fighting       | 4 5 6 7 8 9 10 11 | 11.6
Polearms       | 2 4 5 7 9 11 13 | 13.4
Evocations     | 1 2 4 5 6 7 |  7.7
Crossbows      | 5 8 |  8.4
Armour         | |  2.4
Dodging        | |  2.1

Action                   |  1- 3 |  4- 6 |  7- 9 | 10-12 || total
-------------------------+-------+-------+-------+-------++-------
Melee: Hand axe          |    67 |       |       |       ||    67
       Headbutt          |     9 |     8 |    48 |    67 ||   132
       Spear             |    11 |    57 |    22 |       ||    90
       Trident           |       |    42 |   263 |    24 ||   329
       Dagger            |       |       |    22 |    34 ||    56
       Punch             |       |       |     2 |       ||     2
       Halberd           |       |       |       |   156 ||   156
       Battleaxe         |       |       |       |   180 ||   180
 Fire: Hunting sling     |     5 |    46 |    41 |       ||    92
       Arbalest          |       |       |       |    87 ||    87
Throw: Stone             |    45 |     3 |     5 |     5 ||    58
       Dart              |       |       |     1 |     8 ||     9
       Javelin           |       |       |       |     4 ||     4
Invok: Berserk           |     2 |     5 |     8 |    11 ||    26
       Trog's Hand       |     1 |     4 |     9 |    12 ||    26
Evoke: Wand              |       |       |     6 |    21 ||    27
       Piece from Xom's  |       |       |     3 |     1 ||     4
  Use: Scroll            |       |     3 |     8 |    18 ||    29
       Potion            |       |     1 |       |     4 ||     5
 Stab: Paralysed         |       |       |     3 |     3 ||     6
Armor: Animal skin       |     9 |       |       |       ||     9
       Scale mail        |     6 |    35 |    62 |       ||   103
       Plate armour      |       |       |   105 |   355 ||   460
Dodge: Dodged            |    64 |    49 |   120 |   172 ||   405

Table legend: (Time is in decaauts)
 A = Elapsed time spent in this place.
 B = Non-inter-level travel time spent in this place.
 C = Inter-level travel time spent in this place.
 D = Time resting spent in this place.
 E = Time spent auto-exploring this place.
 F = Levels seen in this place.
 G = Mean time per level.
                   A        B        C        D        E       F      G
               +--------+--------+--------+--------+--------+-----+--------+
         Total |  17616 |  17366 |    250 |   5498 |   8973 |  13 | 1355.1 |
       Dungeon |  14008 |  13792 |    216 |   3794 |   7677 |  10 | 1400.8 |
          Lair |   2549 |   2516 |     33 |    997 |   1251 |   2 | 1274.5 |
        Bailey |   1058 |   1058 |      0 |    706 |     45 |   1 | 1058.0 |
               +--------+--------+--------+--------+--------+-----+--------+

Top non-repeatable levels by time:
  Lair:1: 2252 daAuts
     D:9: 1982 daAuts
     D:6: 1968 daAuts
     D:7: 1682 daAuts
     D:4: 1540 daAuts
     D:2: 1495 daAuts
    D:10: 1400 daAuts
     D:8: 1368 daAuts
  Bailey: 1058 daAuts
     D:1: 935 daAuts
     D:3: 911 daAuts
     D:5: 723 daAuts
  Lair:2: 297 daAuts
